 Dungeon Crawl Stone Soup version 0.27-a0-1189-gb8eb6cee8e (webtiles) character file.

Game seed: 5868879442179203816

7435 st0uf the Frost Mage (level 11, -7/60 HPs)
             Began as a Gargoyle Ice Elementalist on May 22, 2021.
             Was a Priest of Vehumet.
             Mangled by a death yak (15 damage)
             ... on level 9 of the Dungeon.
             The game lasted 00:53:29 (12932 turns).

st0uf the Frost Mage (Gargoyle Ice Elementalist)   Turns: 12932, Time: 00:53:30

Health: -7/60      AC: 25    Str: 12    XL:     11   Next: 15%
Magic:  15/23      EV: 11    Int: 25    God:    Vehumet [***...]
Gold:   404        SH:  0    Dex: 10    Spells: 9/26 levels left

rFire    . . .     SeeInvis .   G - staff of cold
rCold    + . .     Faith    .   (no shield)
rNeg     + + .     Spirit   .   I - +0 robe {Archmagi}
rPois    ∞         Reflect  .   (no helmet)
rElec    +         Harm     .   K - +0 cloak {rCorr}
rCorr    +         Rampage  .   (no gloves)
Will     .....                  u - +1 pair of boots
Stlth    ++........             C - amulet of the acrobat
HPRegen  0.20/turn              m - +6 ring of intelligence
MPRegen  0.18/turn              q - ring of positive energy

@: ice-armoured
A: sickness immunity, AC +8, negative energy resistance 1, electricity
resistance, torment resistance 1, petrification resistance
a: Renounce Religion


You were on level 9 of the Dungeon.
You worshipped Vehumet.
Vehumet was most pleased with you.
You visited 2 branches of the dungeon, and saw 11 of its levels.

You collected 404 gold pieces.

Inventory:

Hand Weapons
 s - a +0 falchion of freezing
Missiles
 f - 231 stones
 N - a curare-tipped dart
 O - 5 boomerangs of dispersal
Armour
 n - a +0 robe of cold resistance
 r - the +4 kite shield of Bedevilment {rF+ rN+ Will+ Int+3}
   (You found it on level 4 of the Dungeon)

   It affects your intelligence (+3).
   It protects you from fire.
   It protects you from negative energy.
   It increases your willpower.
 u - a +1 pair of boots (worn)
 y - a +0 cloak
 I - a +0 robe of the Archmagi (worn)
 K - a +0 cloak of preservation (worn)
 L - the +6 chain mail of Inference {Rampage Regen+}
   (You found it on level 8 of the Dungeon)

   It increases your rate of health regeneration.
   It bestows one free step when moving towards enemies.
Magical Staves
 G - a staff of cold (weapon)
Jewellery
 m - a +6 ring of intelligence (left hand)
 q - a ring of positive energy (right hand)
 C - an amulet of the acrobat (around neck)
Wands
 v - a wand of polymorph (12)
 z - a wand of acid (22)
 A - a wand of flame (17)
 H - a wand of mindburst (13)
 J - a wand of charming (12)
 M - a wand of digging (4)
Scrolls
 a - 4 scrolls of immolation {unknown}
 b - 4 scrolls of identify {unknown}
 d - 2 scrolls of amnesia {unknown}
 g - 2 scrolls of enchant weapon {unknown}
 i - 2 scrolls of noise {unknown}
 j - 4 scrolls of teleportation {unknown}
 k - 3 scrolls of vulnerability {unknown}
 t - 3 scrolls of enchant armour {unknown}
 w - 2 scrolls of fog {unknown}
 E - a scroll of holy word {unknown}
 F - a scroll of fear {unknown}
 P - a scroll of silence {unknown}
Potions
 c - a potion of heal wounds {unknown}
 e - 4 potions of curing {unknown}
 h - 3 potions of magic {unknown}
 l - 2 potions of flight {unknown}
 o - 4 potions of attraction {unknown}
 p - 4 potions of lignification {unknown}
 x - 3 potions of mutation {unknown}
 B - 3 potions of might {unknown}
 D - 3 potions of ambrosia {unknown}
 Q - a potion of berserk rage


   Skills:
 + Level 3.0 Fighting
 + Level 2.1 Armour
 - Level 1.5 Dodging
 + Level 4.0 Stealth
 * Level 6.6 Shields
 + Level 8.0 Spellcasting
 * Level 6.2 Conjurations
 + Level 9.8 Ice Magic
 * Level 4.7 Earth Magic
 * Level 4.1 Evocations


You had 9 spell levels left.
You knew the following spells:

 Your Spells              Type           Power      Damage    Failure   Level
a - Freeze                Ice            100%       1d11      1%          1
b - Frozen Ramparts       Ice            100%       1d12      1%          3
c - Ozocubu's Armour      Ice            93%        N/A       1%          3
d - Hailstorm             Conj/Ice       85%        3d17      1%          4
e - Stone Arrow           Conj/Erth      100%       3d13      1%          3
f - Conjure Flame         Conj/Fire      38%        6-21      1%          3

Your spell library contained the following spells:

 Spells                   Type           Power      Damage    Failure   Level
 Ignite Poison            Fire/Tmut/Pois 15%        N/A       5%          3
 Magic Dart               Conj           100%       1d8       1%          1
 Sandblast                Erth           100%       2d20      1%          1
 Mephitic Cloud           Conj/Pois/Air  30%        N/A       2%          3
 Passwall                 Tmut/Erth      26%        N/A       3%          2
 Animate Skeleton         Necr           30%        N/A       6%          1
 Apportation              Tloc           30%        N/A       6%          1
 Beastly Appendage        Tmut           30%        N/A       6%          1
 Corona                   Hex            16%        N/A       6%          1
 Pain                     Necr           60%        1d7       6%          1
 Lee's Rapid Deconstruct  Erth           25%        3d15*     7%          5
 Ice Form                 Ice/Tmut       67%        N/A       8%          4
 Blink                    Tloc           N/A        N/A       9%          2
 Call Imp                 Summ           15%        N/A       9%          2
 Slow                     Hex            15%        N/A       9%          2
 Wereblood                Tmut           15%        N/A       9%          2
 Lesser Beckoning         Tloc           7%         N/A       19%         3
 Spider Form              Tmut/Pois      7%         N/A       19%         3
 Tukima's Dance           Hex            15%        N/A       19%         3
 Vampiric Draining        Necr           7%         2d7       19%         3
 Petrify                  Tmut/Erth      32%        N/A       22%         4
 Metabolic Englaciation   Hex/Ice        33%        N/A       22%         5
 Animate Dead             Necr           7%         N/A       52%         4
 Agony                    Necr           15%        N/A       86%         5
 Alistair's Intoxication  Tmut/Pois      10%        N/A       86%         5
 Hydra Form               Tmut           7%         N/A       86%         5
 Invisibility             Hex            15%        N/A       100%        6


Dungeon Overview and Level Annotations

Branches:
Dungeon (10/15)            Temple (1/1) D:7
   Lair: D:8-11         Orc: D:9-12

Altars:
Ashenzari
Cheibriados
Dithmenos
Elyvilon
Fedhas
Gozag
Hepliaklqana
Kikubaaqudgha
Makhleb
Nemelex Xobeh
Okawaru
Qazlal
Ru
Sif Muna
Trog
Uskayaw
Vehumet
Xom
Yredelemnul
Zin
The Shining One
Lugonu

Shops:
D:7 *

Annotations:
D:4 exclusion: necrophage
D:9 1 runed translucent door
D:10 Fannar


Innate Abilities, Weirdness & Mutations

You are immune to sickness and miasma.
Your stone body is resilient. (AC +8)
You are immune to poison.
You resist negative energy. (rN+)
You are resistant to electric shocks. (rElec)
You are resistant to unholy torment.
You are immune to petrification.


Message History

Level annotation: 1 runed translucent door
There is a stone staircase leading down here.
Things that are here:
23 arrows; a +0 shortbow You start resting.
Magic restored.
You start resting.
HP restored.
You climb downwards.
Level annotation: Fannar A quokka and a death yak come into view.
The death yak gores you!
There is a stone staircase leading up here.
Casting: Stone Arrow (safe; 1% risk of failure)
Confirm with . or Enter, or press ? or * to list all spells.
You feel a strong surge of power! A film of ice covers your body!
The death yak gores you but does no damage.
Your icy armour will break if you move.
Continue?
The death yak gores you!!
You climb upwards.
Your icy armour cracks and falls away as you move.
Level annotation: 1 runed translucent door
There is a stone staircase leading down here.
Things that are here:
23 arrows; a +0 shortbow
Casting: Ozocubu's Armour (safe; 1% risk of failure)
Confirm with . or Enter, or press ? or * to list all spells.
You feel a strong surge of power! A film of ice covers your body!
The death yak gores you!!
* * * LOW HITPOINT WARNING * * *
Unknown command.
Casting: Ozocubu's Armour (safe; 1% risk of failure)
Confirm with . or Enter, or press ? or * to list all spells.
Aiming: Stone Arrow (safe; 1% risk of failure)
Press: ? - help, Shift-Dir - straight line, f - death yak
Aim: a death yak (92% to hit)
You feel a surge of power!
The stone arrow hits the death yak.
The death yak is lightly wounded.
The death yak gores you!
You die...

#...'....#
#.##.#.#.##......#
#####<...#
#....#...##.#....#
#....########.######.#.....
#.)........................
#.>.######.................
#...# ###...............#.
#...# #......######.#.#...
##)## #.#.###...........#.
#.#####'#@................
#.#.....Y..<..###.....#...
#)#......(#######.....#...
#.#...................#...
#.#.......########...)(.#.
#.......................#.
##################.##.#.#.
#....#... ##########


You could see a death yak.

Vanquished Creatures
  A death yak (D:10)
  Pikel (D:8)
  Joseph (D:8)
  Maurice (D:8)
  An unseen horror (D:7)
  Prince Ribbit (D:7)
  A meliai zombie (D:8)
  2 shadows
  6 vampire mosquitoes
  2 steam dragons
  Menkaure (D:6)
  A water moccasin (D:7)
  An orc warrior (D:9)
  2 sky beasts (D:6)
  A black bear (D:6)
  2 ogres
  A necrophage (D:5)
  6 centaurs
  2 lemures (D:8)
  2 kobold brigands
  Blork the orc (D:5)
  2 bullfrogs
  A gnoll sergeant (D:5)
  9 scorpions
  A water moccasin zombie (D:5)
  2 water moccasin skeletons
  3 wights (D:9)
  5 electric eels (D:7)
  2 centaur zombies
  6 hounds
  2 centaur skeletons
  4 jellies
  An orc priest (D:6)
  4 bullfrog skeletons
  4 iguanas
  5 orc wizards
  A hound zombie (D:5)
  5 gnolls (D:5)
  7 adders
  2 ufetubi
  An adder skeleton (D:4)
  2 worms
  5 dart slugs
  37 orcs
  5 bats
  5 endoplasms
  6 giant cockroaches
  6 goblins
  4 hobgoblins
  5 jackals
  17 kobolds
  5 quokkas
  8 ball pythons
  3 frilled lizards (D:1)
  4 rats
  3 butterflies (D:9)
219 creatures vanquished.

Vanquished Creatures (others)
  A kobold (D:7)
1 creature vanquished.

Grand Total: 220 creatures vanquished

Notes
Turn   | Place    | Note
-------+----------+-------------------------------------------
     0 | D:1      | st0uf the Gargoyle Ice Elementalist began the quest for the
                  | Orb.
     0 | D:1      | Reached XP level 1. HP: 10/10 MP: 3/3
   126 | D:1      | Reached XP level 2. HP: 2/15 MP: 0/5
   746 | D:1      | Reached skill level 1 in Armour
   944 | D:1      | Found a faded altar of an unknown god.
  1078 | D:1      | Reached XP level 3. HP: 16/19 MP: 3/6
  2476 | D:3      | Reached XP level 4. HP: 24/24 MP: 4/7
  2480 | D:3      | Learned a level 3 spell: Frozen Ramparts
  2589 | D:3      | Found a stormy altar of Qazlal.
  3454 | D:4      | Reached skill level 1 in Conjurations
  3454 | D:4      | Reached XP level 5. HP: 10/28 MP: 2/9
  3673 | D:4      | Noticed a necrophage
  3926 | D:4      | Reached skill level 1 in Fighting
  3929 | D:4      | Identified the +4 kite shield of Bedevilment {rF+ rN+ Will+
                  | Int+3}
  3978 | D:4      | Reached skill level 5 in Ice Magic
  4642 | D:4      | Found a radiant altar of Vehumet.
  4642 | D:4      | Found an ancient bone altar of Kikubaaqudgha.
  4643 | D:4      | Found a shimmering blue altar of Sif Muna.
  4652 | D:4      | Reached XP level 6. HP: 34/34 MP: 8/11
  4674 | D:4      | Became a worshipper of Vehumet
  4681 | D:4      | Identified Sif Muna's Compendium of Execration
  5157 | D:5      | Entered Level 5 of the Dungeon
  5162 | D:5      | Learned a level 3 spell: Ozocubu's Armour
  5355 | D:5      | Reached skill level 1 in Shields
  5597 | D:5      | Reached XP level 7. HP: 39/39 MP: 9/13
  5650 | D:5      | Found a shadowy altar of Dithmenos.
  5897 | D:5      | Noticed Blork the orc
  5912 | D:5      | Killed Blork the orc
  6009 | D:5      | Reached * piety under Vehumet
  6009 | D:5      | Offered knowledge of Shock by Vehumet.
  6200 | D:5      | Reached skill level 6 in Ice Magic
  6406 | D:5      | Reached XP level 8. HP: 43/44 MP: 8/15
  6516 | D:5      | Found a glowing golden altar of the Shining One.
  6684 | D:6      | Noticed Menkaure
  6703 | D:6      | Reached skill level 5 in Spellcasting
  6703 | D:6      | Killed Menkaure
  7132 | D:6      | Found a glowing silver altar of Zin.
  7132 | D:6      | Found an iron altar of Okawaru.
  7132 | D:6      | Found a blossoming altar of Fedhas.
  7132 | D:6      | Found a hazy altar of Hepliaklqana.
  7139 | D:6      | Found an opulent altar of Gozag.
  7144 | D:6      | Found a white marble altar of Elyvilon.
  7230 | D:6      | Reached skill level 7 in Ice Magic
  7298 | D:6      | Found a sparkling altar of Nemelex Xobeh.
  7557 | D:6      | Reached XP level 9. HP: 37/49 MP: 10/17
  7857 | D:6      | Reached ** piety under Vehumet
  7863 | D:6      | Offered knowledge of Poisonous Vapours by Vehumet.
  8380 | D:6      | Reached skill level 8 in Ice Magic
  8394 | D:6      | Learned a level 4 spell: Hailstorm
  8576 | D:7      | Learned a level 3 spell: Stone Arrow
  8619 | D:7      | Noticed Prince Ribbit
  8626 | D:7      | Killed Prince Ribbit
  8650 | D:7      | Reached skill level 1 in Earth Magic
  8651 | D:7      | Reached skill level 5 in Conjurations
  8651 | D:7      | Reached skill level 1 in Evocations
  8702 | D:7      | Reached skill level 5 in Shields
  8749 | D:7      | Noticed a gargoyle
  9124 | D:7      | Reached XP level 10. HP: 8/55 MP: 14/20
  9124 | D:7      | Killed an unseen horror
  9667 | D:7      | Found Icoipnyo's General Store.
  9827 | D:7      | Reached skill level 9 in Ice Magic
 10217 | D:7      | Found a staircase to the Ecumenical Temple.
 10223 | Temple   | Entered the Ecumenical Temple
 10396 | D:8      | Found a snail-covered altar of Cheibriados.
 10410 | D:8      | Noticed Joseph
 10426 | D:8      | Learned a level 3 spell: Conjure Flame
 10780 | D:8      | Noticed Maurice
 10806 | D:8      | Noticed Pikel
 10864 | D:8      | Killed Pikel
 11235 | D:8      | Killed Maurice
 11316 | D:8      | Offered knowledge of Static Discharge by Vehumet.
 11333 | D:8      | Identified the +6 chain mail of Inference {Rampage Regen+}
 11415 | D:8      | Killed Joseph
 11658 | D:9      | Reached *** piety under Vehumet
 11683 | D:9      | Found a runed translucent door.
 11685 | D:9      | Found a runed translucent door.
 11900 | D:9      | Offered knowledge of Ignite Poison by Vehumet.
 12371 | D:9      | Reached XP level 11. HP: 44/59 MP: 14/22
 12655 | D:10     | Entered Level 10 of the Dungeon
 12655 | D:10     | Noticed Fannar
 12776 | D:10     | Noticed a death yak
 12796 | D:10     | Killed a death yak
 12824 | D:10     | Noticed a death yak
 12927 | D:10     | Noticed a death yak
 12932 | D:9      | Mangled by a death yak

Illustrated notes

Levels and vault maps discovered:
D:1:      dpeg_arrival_radiant, layout_basic, chequers_ecumenical_altar_simple
D:2:      layout_rooms
D:3:      layout_basic, lemuel_doored_altar
D:4:      layout_loops_ring, grunt_temple_overflow_magic_moments
D:5:      layout_basic, nicolae_dithmenos_shadow_blocks,
          nicolae_tso_swordbearing_angel, minmay_between, uniq_blork_the_orc
D:6:      minmay_inner_zag, layout_loops_corners, old_standard_altar,
          minmay_overflow_temple_hex, uniq_menkaure
D:7:      kennysheep_big_flooded_room, layout_basic,
          pdpol_wu_jian_five_deadly_venoms, minmay_temple_entry_enclosed_plants,
          serial_shops, shop, uniq_prince_ribbit1
D:8:      layout_rooms, kennysheep_slug_shrine, uniq_joseph, uniq_pikel,
          uniq_maurice
D:9:      lemuel_insect_pit, layout_basic
D:10:     layout_gridville, dpeg_lair_monsters, serial_shops, shop, shop,
          minivault_4, uniq_urug, uniq_fannar
Temple:   corrupted_temple

Skill      XL: |  1  2  3  4  5  6  7  8  9 10 11 |
---------------+----------------------------------+-----
Armour         | 1 2 |  2.1
Spellcasting   | 3 4 5 6 7 8 |  8.0
Conjurations   | 1 2 4 5 6 |  6.2
Fighting       | 1 2 3 |  3.0
Ice Magic      | 5 6 7 8 9 |  9.8
Shields        | 1 2 4 5 6 |  6.6
Stealth        | 3 4 |  4.0
Earth Magic    | 2 4 |  4.7
Evocations     | 1 3 4 |  4.1
Dodging        | |  1.5

Action                   |  1- 3 |  4- 6 |  7- 9 | 10-12 || total
-------------------------+-------+-------+-------+-------++-------
Melee: Unarmed           |     2 |    18 |       |       ||    20
       Falchion          |       |    72 |   118 |       ||   190
       Staff             |       |       |    14 |    36 ||    50
 Cast: Freeze            |    64 |    63 |    37 |    28 ||   192
       Frozen Ramparts   |       |     1 |    40 |    22 ||    63
       Ozocubu's Armour  |       |     1 |    26 |    21 ||    48
       Stone Arrow       |       |       |       |    32 ||    32
       Conjure Flame     |       |       |       |     1 ||     1
Armor: Robe              |    16 |    56 |   145 |    71 ||   288
Dodge: Dodged            |    22 |    99 |   105 |    67 ||   293
Block: Kite shield       |       |       |    47 |    18 ||    65
       Rpst.: Falchion   |       |    26 |    33 |       ||    59

Table legend: (Time is in decaauts)
 A = Elapsed time spent in this place.
 B = Non-inter-level travel time spent in this place.
 C = Inter-level travel time spent in this place.
 D = Time resting spent in this place.
 E = Time spent auto-exploring this place.
 F = Levels seen in this place.
 G = Mean time per level.
                   A        B        C        D        E       F      G
               +--------+--------+--------+--------+--------+-----+--------+
         Total |  13009 |  12561 |    448 |   2670 |   7758 |  11 | 1182.6 |
       Dungeon |  12982 |  12544 |    438 |   2670 |   7758 |  10 | 1298.2 |
        Temple |     26 |     16 |     10 |      0 |      0 |   1 |   26.0 |
               +--------+--------+--------+--------+--------+-----+--------+

Top non-repeatable levels by time:
     D:6: 2262 daAuts
     D:4: 1901 daAuts
     D:1: 1821 daAuts
     D:7: 1551 daAuts
     D:5: 1439 daAuts
     D:9: 1286 daAuts
     D:8: 1141 daAuts
     D:3: 833 daAuts
     D:2: 613 daAuts
    D:10: 131 daAuts
  Temple: 26 daAuts
